 Dungeon Crawl Stone Soup version 0.19.1 (webtiles) character file.

38 CanadianGator the Ruffian (level 3, 0/29 HPs)
             Began as a Minotaur Transmuter on Dec 1, 2016.
             Slain by an adder (1 damage)
             ... on level 2 of the Dungeon.
             The game lasted 00:02:43 (612 turns).

CanadianGator the Ruffian (Minotaur Transmuter)      Turns: 612, Time: 00:02:43

Health: 0/29       AC:  4    Str: 11 (14) XL:     3   Next: 25%
Magic:  4/4        EV: 12    Int:  7 (10) God:
Gold:   95         SH:  0    Dex:  9 (11) Spells: 1 memorised, 2 levels left

rFire  . . .     SeeInvis .       - Unarmed
rCold  . . .     Gourm    .     b - +0 robe
rNeg   . . .     Faith    .     (no shield)
rPois  .         Spirit   .     (helmet restricted)
rElec  .         Reflect  .     l - +1 cloak
rCorr  .         Harm     .     (no gloves)
MR     .....                    (no boots)
Stlth  +.........               (no amulet)
                                (no ring)
                                (no ring)

@: lethally poisoned (0 -> -4)
A: retaliatory headbutt, horns 2
a: no special abilities


You were on level 2 of the Dungeon.
You were not hungry.

You visited 1 branch of the dungeon, and saw 2 of its levels.

You collected 95 gold pieces.

Inventory:

Missiles
 a - 37 arrows
Armour
 b - a +0 robe (worn)
 l - a +1 cloak (worn)
Wands
 o - a wand of iceblast (15/15)
Scrolls
 e - a scroll of noise
 f - 3 scrolls of remove curse
 n - a scroll of identify {unknown}
Books
 c - a book of Changes

   Spells                             Type                      Level
   a - Beastly Appendage              Transmutation                1
   b - Sticks to Snakes               Transmutation                2
   c - Spider Form                    Transmutation/Poison         3
   d - Ice Form                       Ice/Transmutation            4
   e - Blade Hands                    Transmutation                5
Comestibles
 d - 3 bread rations


   Skills:
 + Level 1.9 Fighting
 * Level 2.0 Armour
 + Level 2.5 Dodging
 * Level 3.4 Unarmed Combat
 + Level 1.4 Spellcasting
 * Level 1.9 Transmutations


You had 2 spell levels left.
You knew the following spells:

 Your Spells              Type           Power        Failure   Level  Hunger
a - Sticks to Snakes      Tmut           #.......     30%         2    ###....


Dungeon Overview and Level Annotations

Branches:
Dungeon (2/15)

Altars:
Kikubaaqudgha
Sif Muna


Innate Abilities, Weirdness & Mutations

You reflexively headbutt those who attack you in melee.
You have a pair of horns on your head.


Message History

There was something very wrong with that liquid.
You feel weakened.
You feel dopey.
You feel clumsy.
* * * LOW HITPOINT WARNING * * *
You feel sick. The adder bites you but does no damage. The rat misses you.
You are too injured to fight recklessly!
You are too injured to fight recklessly!
You are too injured to fight recklessly!
You are too injured to fight recklessly!
You are too injured to fight recklessly!
You are too injured to fight recklessly!
The adder bites you.
* * * LOW HITPOINT WARNING * * *
The rat bites you but does no damage. The adder bites you.
* * * LOW HITPOINT WARNING * * *
* * * LOW HITPOINT WARNING * * *
You feel sick. The adder misses you.
You closely miss the adder.
The adder is moderately wounded.
The adder bites you.
You die...

### ...
....
####...
######.P...
#.....r.#
#.P...S@#.#
#.P....?..#
#P...#....#
#P..##.._.#
#....#....#
#.........#
#.P.....#.#
###P....###
####..PP.


You could see an adder and a rat.

Vanquished Creatures
  An adder (D:2)
  2 dart slugs
  A leopard gecko (D:1)
  3 bats (D:1)
  3 goblins (D:1)
  4 hobgoblins
  3 frilled lizards
  4 kobolds
  2 rats
23 creatures vanquished.

Notes
Turn   | Place    | Note
-------+----------+-------------------------------------------
     0 | D:1      | CanadianGator the Minotaur Transmuter began the quest for the Orb.
     0 | D:1      | Reached XP level 1. HP: 16/16 MP: 1/1
   103 | D:1      | Reached skill level 1 in Armour
   166 | D:1      | Reached XP level 2. HP: 23/23 MP: 3/3
   517 | D:2      | Found a deep blue altar of Sif Muna.
   574 | D:2      | Reached XP level 3. HP: 29/29 MP: 4/4
   584 | D:2      | Found an ancient bone altar of Kikubaaqudgha.
   599 | D:2      | Learned a level 2 spell: Sticks to Snakes
   611 | D:2      | HP: 1/29 [poisoned by an adder]
   612 | D:2      | Slain by an adder

Skill      XL: |  1  2  3 |
---------------+----------+-----
Armour         | 1 2 |  2.0
Fighting       | |  1.9
Dodging        | |  2.5
Unarmed Combat | |  3.4
Spellcasting   | |  1.4
Transmutations | |  1.9

Action                   || total
-------------------------++-------
Melee: Unarmed           ||    55
       Headbutt          ||     2
       Punch             ||     1
  Use: Scroll            ||     6
       Potion            ||     2
Armor: Robe              ||    12
Dodge: Dodged            ||    31
